[Event "1000GM Schev-C-C February 2024"]
[Site "Santa Clara"]
[Date "2024.02.25"]
[Round "4.3"]
[White "Wu, Jayden"]
[Black "Vasquez Ramirez, Rocio"]
[Result "1/2-1/2"]
[ECO "B41"]
[WhiteElo "1814"]
[BlackElo "1999"]
[Annotator "RC"]
[PlyCount "108"]
[EventDate "2024.02.13"]
[EventType "schev"]
[EventCountry "USA"]
[SourceTitle "playchess.com"]
[Source "ChessBase"]
[SourceQuality "1"]
[TimeControl "5400+30"]

1. e4 c5 2. Nf3 e6 3. d4 cxd4 4. Nxd4 a6 5. g3 b5 6. Bg2 Bb7 7. O-O Nc6 8. Nc3 Qb6 9. Nb3 Ne5 10. a4 Nc4 11. Nd2 Rc8 12. Nxc4 Rxc4 13. axb5 axb5 14. e5 Bxg2 15. Kxg2 Qc6+ 16. Qf3 f6 17. Qxc6 dxc6 18. exf6 Nxf6 19. Re1 b4 20. Ne2 Kf7 21. Ra7+ Be7 22. b3 Rxc2 23. Nd4 Rc3 24. Bd2 Rd3 25. Nxc6 Rxd2 26. Rxe7+ Kg6 27. R7xe6 Ra8 28. R1e2 Rd1 29. Nxb4 Rb8 30. Nc2 Rxb3 31. Ne3 Rd4 32. Re7 Rd7 33. Rxd7 Nxd7 34. Nc4 Rc3 35. Ne5+ Nxe5 36. Rxe5 Kf6 37. Re3 Rc2 38. h4 h5 39. Ra3 Rc6 40. Ra5 g6 41. Kf3 Rb6 42. Ke4 Re6+ 43. Kf4 Rb6 44. Rg5 Rb4+ 45. Kf3 Rb3+ 46. Kg2 Rb2 47. Kf3 Rb3+ 48. Ke4 Rb2 49. f4 Rb4+ 50. Kf3 Rb3+ 51. Kg2 Rb2+ 52. Kh3 Rf2 53. Ra5 Kg7 54. Ra6 Kf7 1/2-1/2

[Event "1000GM Schev-C-C February 2024"]
[Site "Santa Clara"]
[Date "2024.02.25"]
[Round "4.4"]
[White "Fan, Shengjie"]
[Black "Pinzon, Jairo David"]
[Result "1/2-1/2"]
[ECO "B66"]
[WhiteElo "1578"]
[BlackElo "2114"]
[Annotator "RC"]
[PlyCount "80"]
[EventDate "2024.02.13"]
[EventType "schev"]
[EventCountry "USA"]
[SourceTitle "playchess.com"]
[Source "ChessBase"]
[SourceQuality "1"]
[TimeControl "5400+30"]

1. e4 c5 2. Nf3 d6 3. d4 cxd4 4. Nxd4 Nf6 5. Nc3 Nc6 6. Bg5 e6 7. Qd2 Be7 8. O-O-O Nxd4 9. Qxd4 a6 10. f4 b5 11. Bxf6 gxf6 12. e5 d5 13. Kb1 Bb7 14. f5 fxe5 15. Qxe5 Bf6 16. Qg3 Qe7 17. fxe6 fxe6 18. Be2 h5 19. Qg6+ Qf7 20. Qxf7+ Kxf7 21. Bf3 Bxc3 22. bxc3 Ke7 23. Rhe1 Kd6 24. Re3 Raf8 25. Rde1 Bc8 26. Re5 Rfg8 27. Kc1 Rh6 28. Kd2 Bd7 29. Kc1 h4 30. h3 Rf8 31. Rg5 Rf4 32. a3 Rhf6 33. Kb2 Be8 34. Bxd5 Bc6 35. Bxc6 Kxc6 36. Rge5 Kd6 37. R5e4 Kd5 38. Re5+ Kd6 39. R5e4 Kd5 40. Re5+ Kd6 1/2-1/2

[Event "1000GM Schev-C-C February 2024"]
[Site "Santa Clara"]
[Date "2024.02.25"]
[Round "4.5"]
[White "Zapata Campos, Lidia Karen"]
[Black "Yuan, Serena"]
[Result "1-0"]
[ECO "B12"]
[WhiteElo "2025"]
[BlackElo "1771"]
[Annotator "RC"]
[PlyCount "126"]
[EventDate "2024.02.13"]
[EventType "schev"]
[EventCountry "USA"]
[SourceTitle "playchess.com"]
[Source "ChessBase"]
[SourceQuality "1"]
[TimeControl "5400+30"]

1. e4 c6 2. d4 d5 3. e5 c5 4. c3 Nc6 5. Be3 cxd4 6. cxd4 Bf5 7. a3 e6 8. b4 Nge7 9. Nc3 Rc8 10. Rc1 Bg6 11. h4 h5 12. Bg5 Qb6 13. Nf3 Nf5 14. Na4 Bxb4+ 15. axb4 Qxb4+ 16. Bd2 Qe7 17. Bb5 O-O 18. Bxc6 bxc6 19. Nc5 Rb8 20. Qa4 Rb6 21. Bg5 f6 22. Bf4 Ra8 23. O-O a5 24. Rfe1 Bf7 25. Rb1 Qa7 26. exf6 gxf6 27. Rxb6 Qxb6 28. Qc2 Ng7 29. Nxe6 Bxe6 30. Qg6 Bf7 31. Qxf6 Re8 32. Be5 Rxe5 33. Nxe5 Be8 34. Nd7 Bxd7 35. Re7 Qb1+ 36. Kh2 Qb8+ 37. g3 Qf8 38. Qxf8+ Kxf8 39. Rxd7 Ne6 40. Ra7 Nxd4 41. Rxa5 Kf7 42. Ra4 Ne6 43. Kg2 Kf6 44. Kf3 Kf5 45. Ra7 c5 46. Rh7 Nd4+ 47. Ke3 Kg6 48. Rd7 Nc2+ 49. Kd2 Nb4 50. f3 Kf6 51. Rh7 Kg6 52. Rc7 c4 53. Rc5 Kf6 54. Rb5 Na2 55. Kc2 d4 56. Rxh5 c3 57. Rb5 Kg6 58. h5+ Kh6 59. g4 Kh7 60. g5 Kg7 61. Rb7+ Kh8 62. h6 Kg8 63. g6 d3+ 1-0

[Event "1000GM Schev-C-C February 2024"]
[Site "Santa Clara"]
[Date "2024.02.26"]
[Round "5.1"]
[White "Ganesan, Vikrant"]
[Black "Garcia Lopez, Miguel Angel"]
[Result "1/2-1/2"]
[ECO "A22"]
[WhiteElo "1870"]
[BlackElo "2262"]
[Annotator "TA"]
[PlyCount "126"]
[EventDate "2024.02.13"]
[EventType "schev"]
[EventCountry "USA"]
[SourceTitle "playchess.com"]
[Source "ChessBase"]
[SourceQuality "1"]
[TimeControl "5400+30"]

1. c4 e5 2. Nc3 Nf6 3. Nf3 e4 4. Ng5 b5 5. Ngxe4 Nxe4 6. Nxe4 bxc4 7. e3 d5 8. Nc3 c6 9. d3 cxd3 10. Bxd3 Bd6 11. O-O Qh4 (11... f5 $14) 12. g3 $16 Qh3 13. Re1 (13. e4 $16 O-O 14. Be2 (14. exd5 Bg4 $16)) 13... O-O 14. e4 (14. Bf1 {vereinfacht} Qg4 15. e4 Qxd1 16. Rxd1 Bg4 17. Rd2) 14... Bb4 ({Günstiger ist} 14... Bg4 15. Bf1 Qh5) 15. exd5 cxd5 {[%emt 0:01:15] [#]} 16. Bxh7+ $2 Qxh7 (16... Kxh7 $19 17. Bd2 Nc6 18. Nxd5 Bxd2 19. Qxd2 Qf5) 17. Qxd5 $14 Nc6 18. Qxc6 Bxc3 (18... Rb8 $14) 19. Re8 $16 {[%emt 0:07:08] Weiß steht aktiver.} (19. Qxc3 Qh3) (19. bxc3 Bh3 $14) 19... Bd7 20. Rxf8+ (20. Qxa8 $2 Rxe8 $19) 20... Rxf8 21. Qxd7 (21. Qxc3 Rc8 22. Qd4 Qh3 $17) 21... Bf6 (21... Qc2 $16 {war angesagt.}) 22. Qxa7 Rd8 (22... Qc2 $142) 23. Be3 Bxb2 24. Qb6 Bf6 25. Rc1 {[%emt 0:02:55] Lässt Qc2 nicht zu} Qe4 26. Qb3 Rd3 27. Qb8+ Kh7 28. Qf4 Qd5 29. Qg4 {[%emt 0:01:56] Gegen Rd1+ gerichtet.} Rc3 $2 (29... Bd4 $16 {ist wohl besser.}) 30. Rxc3 $18 Bxc3 {[%emt 0:00:21][%mdl 4096] Endspiel. KQB-KQB} 31. h4 $2 (31. a4 $18 {bietet bessere Gewinnchancen.}) 31... Qxa2 $16 32. Qf5+ g6 33. Qe4 Qa5 34. Kg2 Bg7 35. g4 f5 36. gxf5 Qxf5 37. Qxf5 gxf5 $14 {[%emt 0:00:10] KB-KB} 38. h5 Be5 39. Kh3 Kg7 40. Kh4 {[%emt 0:00:24] Kg5 wäre nun fies.} Bf6+ 41. Kg3 Be5+ 42. Bf4 Bd4 43. Kf3 Kf6 44. Ke2 Bc5 45. f3 Bb4 46. Kd3 Ba3 47. Kc4 Bf8 48. Kd5 Ba3 49. Bh6 Bb4 50. Kc6 Ba3 51. Kd7 Bb4 52. Kc6 (52. Be3 $16) 52... Ke6 (52... Ba3 $1 $11 {bleibt in der Remisbreite.}) 53. Bg7 (53. Kb5 $16 Be7 54. Kc4) 53... Kf7 (53... Bd2 $14) 54. Be5 $16 Bd2 55. Kd5 Bg5 56. Bg3 ({Vorzuziehen ist} 56. Bb2 $16) 56... Bf6 (56... Kg7 $1 $14) 57. Bf4 {[%emt 0:00:28] Und Be3 würde nun gewinnen.} Bg7 $2 (57... Bc3 $16) 58. Bg5 $2 (58. h6 {setzt Matt} Bf8 59. h7 Bg7 60. Be5 Kg6 61. h8=Q (61. h8=R Bxh8 62. Bxh8 Kf7 63. f4 Kg8 64. Bc3 Kf7 65. Ke5 Ke7 66. Kxf5 Kd6) 61... Bxh8 62. Bxh8 Kf7 63. f4) 58... Bb2 $2 {[%emt 0:00:00][%mdl 8192] [#]} (58... Bc3 $16 59. Be3 Kg8) 59. Be3 $1 $18 {[%emt 0:00:42] Schwarz muss nun Bd4 beachten.} Bf6 60. Bd4 $2 (60. Ba7 $18 Bg7 61. Bc5) 60... Bg5 $16 61. Be5 Bh4 62. Bh8 {[%emt 0:00:34] Und jetzt Ke5 wäre schön.} Kg8 63. Be5 Kf7 {[%emt 0:11:04] Gewichteter Fehlerwert: Weiß=0.51/Schwarz=0.43.  Verlustzug:     	Weiß=1     	Schwarz=3     Gewinn verpasst:   	Weiß=2     	Schwarz=1     Fehler:       	Weiß=4     	Schwarz=8     Ungenau:       	---       	Schwarz=3     OK:         	Weiß=18    	Schwarz=20    Bester:       	Weiß=4     	Schwarz=7} 1/2-1/2

[Event "1000GM Schev-C-C February 2024"]
[Site "Santa Clara"]
[Date "2024.02.26"]
[Round "5.2"]
[White "Vasquez Ramirez, Rocio"]
[Black "Yang, Maxwell"]
[Result "1/2-1/2"]
[ECO "B91"]
[WhiteElo "1999"]
[BlackElo "1946"]
[Annotator "RC"]
[PlyCount "76"]
[EventDate "2024.02.13"]
[EventType "schev"]
[EventCountry "USA"]
[SourceTitle "playchess.com"]
[Source "ChessBase"]
[SourceQuality "1"]
[TimeControl "5400+30"]

1. e4 c5 2. Nf3 d6 3. d4 cxd4 4. Nxd4 Nf6 5. Nc3 a6 6. g3 e5 7. Nde2 Be7 8. Bg2 Be6 9. a4 O-O 10. O-O Qd7 11. Bg5 Ng4 12. Bxe7 Qxe7 13. Nd5 Bxd5 14. Qxd5 Nc6 15. c4 Rac8 16. b3 Qc7 17. h3 Nf6 18. Qd3 Nb4 19. Qd2 Qc5 20. Rfd1 Rfd8 21. Rac1 Nc6 22. g4 Qb4 23. Rc3 Na5 24. Rd3 Qxd2 25. R1xd2 h6 26. c5 d5 27. b4 Nc6 28. b5 axb5 29. axb5 dxe4 30. Rd6 Rxd6 31. Rxd6 Na7 32. Nc3 Rxc5 33. Nxe4 Rc1+ 34. Kh2 Nxb5 35. Nxf6+ gxf6 36. Rxf6 Kg7 37. Rb6 Nd4 38. Bxb7 Rc2 1/2-1/2

[Event "1000GM Schev-C-C February 2024"]
[Site "Santa Clara"]
[Date "2024.02.26"]
[Round "5.3"]
[White "Pinzon, Jairo David"]
[Black "Wu, Jayden"]
[Result "0-1"]
[ECO "D00"]
[WhiteElo "2114"]
[BlackElo "1814"]
[Annotator "RC"]
[PlyCount "118"]
[EventDate "2024.02.13"]
[EventType "schev"]
[EventCountry "USA"]
[SourceTitle "playchess.com"]
[Source "ChessBase"]
[SourceQuality "1"]
[TimeControl "5400+30"]

1. d4 Nf6 2. Bg5 d5 3. e3 c5 4. Bxf6 gxf6 5. g3 Nc6 6. Bg2 Bf5 7. Ne2 e6 8. O-O Qb6 9. c4 dxc4 10. Qa4 Bd3 11. Nbc3 O-O-O 12. Rfd1 cxd4 13. exd4 Kb8 14. b3 Bc2 15. Qxc4 Bxd1 16. Rxd1 Be7 17. Na4 Qb4 18. Qd3 Rd7 19. Qf3 Rhd8 20. Qh5 Nxd4 21. Nxd4 Rxd4 22. Rf1 Rf8 23. Qxh7 Qb5 24. h4 Qf5 25. Qh6 Qg6 26. Qe3 Rd7 27. Nc5 Bxc5 28. Qxc5 Rc8 29. Qb5 Qd3 30. Qb4 Qd4 31. Qb5 f5 32. Bf3 Rc5 33. Qe2 Qd2 34. h5 Qxe2 35. Bxe2 Rd2 36. Bf3 Rc8 37. Kg2 e5 38. Rd1 Rxa2 39. Bd5 e4 40. g4 e3 41. g5 Rxf2+ 42. Kg3 f4+ 43. Kg4 e2 44. Re1 f5+ 45. gxf6 Rf8 46. Bf3 Rxf6 47. Rxe2 Rxe2 48. Bxe2 Kc7 49. Kg5 f3 50. Bf1 Rf8 51. h6 Kd6 52. h7 Kc5 53. Kg6 Kb4 54. Kg7 Rd8 55. Bc4 f2 56. h8=Q Rxh8 57. Kxh8 a5 58. Be2 Kxb3 59. Kg7 a4 0-1

[Event "1000GM Schev-C-C February 2024"]
[Site "Santa Clara"]
[Date "2024.02.26"]
[Round "5.4"]
[White "Fan, Shengjie"]
[Black "Zapata Campos, Lidia Karen"]
[Result "0-1"]
[ECO "B45"]
[WhiteElo "1578"]
[BlackElo "2025"]
[Annotator "RC"]
[PlyCount "86"]
[EventDate "2024.02.13"]
[EventType "schev"]
[EventCountry "USA"]
[SourceTitle "playchess.com"]
[Source "ChessBase"]
[SourceQuality "1"]
[TimeControl "5400+30"]

1. e4 c5 2. Nf3 e6 3. d4 cxd4 4. Nxd4 Nf6 5. Nc3 Nc6 6. Be3 Bb4 7. Bd3 d5 8. Bb5 Bd7 9. Bxc6 bxc6 10. exd5 Bxc3+ 11. bxc3 cxd5 12. f3 Qa5 13. Bd2 O-O 14. O-O Rfc8 15. Re1 Rc4 16. Nb3 Qc7 17. Qe2 a5 18. Rab1 Ne8 19. Nd4 Rb8 20. Rb3 a4 21. Rb4 Rbxb4 22. cxb4 Rxd4 23. Rc1 Rc4 24. Be1 Nd6 25. Bg3 Qb6+ 26. Kh1 Qxb4 27. Bxd6 Qxd6 28. Rb1 Rb4 29. Rxb4 Qxb4 30. h3 Qb1+ 31. Kh2 Qxa2 32. Qf2 Qc4 33. Qa7 Qc8 34. c3 h6 35. Qa5 Bc6 36. Qc5 Qa6 37. Qd6 a3 38. Qb8+ Kh7 39. Qb1+ g6 40. Qa1 a2 41. f4 Qe2 42. Qg1 d4 43. cxd4 a1=Q 0-1

[Event "1000GM Schev-C-C February 2024"]
[Site "Santa Clara"]
[Date "2024.02.26"]
[Round "5.5"]
[White "Yuan, Serena"]
[Black "Montes Orozco, Miguel Angel"]
[Result "1/2-1/2"]
[ECO "E03"]
[WhiteElo "1771"]
[BlackElo "2178"]
[Annotator "RC"]
[PlyCount "90"]
[EventDate "2024.02.13"]
[EventType "schev"]
[EventCountry "USA"]
[SourceTitle "playchess.com"]
[Source "ChessBase"]
[SourceQuality "1"]
[TimeControl "5400+30"]

1. d4 d5 2. Nf3 Nf6 3. c4 e6 4. g3 dxc4 5. Qa4+ Nbd7 6. Qxc4 a6 7. Bg2 b5 8. Qc6 Rb8 9. Bf4 Nd5 10. Bg5 Bb7 11. Qxb7 Rxb7 12. Bxd8 Kxd8 13. Ng5 Ke8 14. O-O Be7 15. Ne4 f6 16. Rc1 Kf7 17. Nbd2 Rc8 18. Nc3 N7b6 19. Nxd5 exd5 20. Rc6 Rd8 21. Rac1 Rd7 22. Bh3 Rd6 23. Rxc7 Rxc7 24. Rxc7 Nc4 25. Nxc4 dxc4 26. e3 g6 27. Bc8 a5 28. a4 bxa4 29. Rxc4 Rb6 30. Rxa4 Rc6 31. Bb7 Rc1+ 32. Kg2 Bb4 33. Bd5+ Ke7 34. b3 Kd6 35. Bc4 h6 36. Ra2 g5 37. e4 Bc3 38. d5 Bb4 39. f3 Ke5 40. Kh3 h5 41. Kg2 Rc3 42. g4 h4 43. Rb2 Ba3 44. Rd2 Bd6 45. Ra2 Bb4 1/2-1/2